Map: 스테이시스 - 래더

Players

Maru - Winner!

  • Race: Terran Terran
  • League: Master
  • Spawn Location: 11:00

Aventador (Oliveira)

  • Race: Terran Terran
  • League: Master
  • Spawn Location: 1:00

Event: IEM Season 13 - Katowice Server Qualifiers America

VOD

Have the link to the VOD?

Description

Time

  • Played on: Jan. 6, 2019, 4:25 p.m.
  • Length: 17:13

All games in this series

Show
View Real Time Build Order
Export as new Build Order

Maru Terran - Winner!

Build Orders:  

Get SALT Encoding   

  12  0:00  SCV  
  13  0:13  SCV  
  14  0:18  Supply Depot  
  14  0:25  SCV  
  15  0:29  Refinery  
  15  0:39  SCV  
  16  0:46  Barracks  
  16  0:52  SCV  
  17  0:57  Refinery  
  17  1:04  SCV  
  18  1:16  SCV  
  19  1:32  Orbital Command  
  19  1:34  Factory  
  19  1:39  Reaper  
  20  1:55  Supply Depot  
  20  1:59  SCV  
  21  2:11  SCV  
  21  2:12  Reaper  
  23  2:19  Hellion  
  25  2:23  SCV  
  26  2:33  Command Center  
  26  2:35  SCV  
  27  2:40  Factory Tech Lab  
  27  2:44  Barracks Reactor  
  27  2:47  Supply Depot  
  27  2:48  SCV  
  28  3:00  Cyclone  
  31  3:09  SCV  
  31  3:21  SCV  
  31  3:22  Marine x2, Starport  
  34  3:33  SCV, Siege Tank  
  38  3:40  Marine  
  39  3:44  Marine  
  39  3:45  SCV, Orbital Command  
  41  3:56  Refinery  
  41  3:57  SCV  
  41  3:59  Starport Tech Lab  
  42  4:09  SCV  
  40  4:11  Siege Tank  
  40  4:13  Marine  
  40  4:14  Marine  
  45  4:17  Viking  
  45  4:19  SCV  
  45  4:21  SCV  
  49  4:24  Supply Depot  
  49  4:31  SCV  
  49  4:33  SCV  
  48  4:39  Marine x2  
  48  4:43  SCV  
  51  4:47  Raven  
  51  4:52  Command Center  
  53  4:55  SCV  
  53  4:56  SCV  
  53  4:57  Supply Depot  
  53  4:59  Marine  
  56  5:08  Marine  
  56  5:13  Siege Tank  
  57  5:14  SCV  
  57  5:15  SCV  
  57  5:17  Marine  
  60  5:22  Supply Depot  
  60  5:27  SCV x2  
  64  5:38  Barracks  
  64  5:39  Barracks, SCV x2  
  64  5:42  Starport Reactor  
  64  5:47  Engineering Bay  
  64  5:48  Engineering Bay  
  64  5:50  Supply Depot  
  64  5:51  Marine, SCV x2, Stimpack  
  64  5:57  Siege Tank  
  70  6:03  SCV x2  
  70  6:04  Orbital Command  
  72  6:14  Terran Infantry Armor Level 1, Terran Infantry Weapons Level 1  
  72  6:16  SCV x2  
  72  6:18  Refinery  
  73  6:28  Marine  
  73  6:31  Starport Reactor  
  74  6:33  Marine x3  
  74  6:34  Marine, Siege Tank  
  81  6:46  Marine  
  79  6:51  Marine x4  
  79  6:53  SCV x2  
  79  6:54  SCV  
  84  7:03  Supply Depot  
  84  7:04  Marine  
  84  7:05  SCV x2  
  84  7:06  SCV, Siege Tank  
  84  7:08  Barracks x2, Medivac  
  91  7:12  Medivac  
  95  7:17  SCV  
  95  7:18  SCV x2  
  98  7:22  Marine  
  98  7:23  Marine x2  
  98  7:24  Marine x2  
  98  7:25  Supply Depot  
  98  7:28  Supply Depot x2  
  103  7:30  SCV  
  104  7:41  SCV x2  
  104  7:42  SCV  
  107  7:46  Armory, Marine x2  
  107  7:47  Marine  
  110  7:52  Combat Shield  
  110  7:55  Marine, Medivac x2  
  110  7:57  Barracks Reactor x2  
  115  8:00  SCV  
  115  8:01  SCV  
  115  8:03  Refinery x2  
  117  8:08  SCV, Supply Depot x2  
  117  8:11  Marine x2  
  120  8:13  SCV x2  
  120  8:17  Sensor Tower  
  122  8:20  SCV, Siege Tank  
  122  8:25  SCV x2  
  128  8:28  Marine x3  
  131  8:42  Terran Infantry Weapons Level 2, Command Center  
  131  8:43  Terran Infantry Armor Level 2  
  131  8:45  Terran Vehicle And Ship Armor Level 1  
  131  8:46  Marine  
  132  8:55  Siege Tank  
  135  8:57  Marine x7  
  135  8:58  Marine  
  143  9:04  Marine  
  143  9:06  Supply Depot  
  143  9:07  Supply Depot  
  143  9:08  Supply Depot  
  144  9:18  Viking  
  144  9:19  Factory, Viking  
  148  9:24  Barracks Reactor  
  148  9:26  Supply Depot  
  148  9:27  Marine x2  
  148  9:28  Supply Depot  
  148  9:30  Marine x2  
  148  9:31  Marine x3, Siege Tank  
  158  9:46  Marine x3  
  158  9:48  Marine x3  
  164  9:55  Marine x2  
  164  9:56  Viking  
  164  9:57  Viking  
  164  9:59  Starport  
  170  10:00  Starport  
  170  10:01  Marine x2, Planetary Fortress  
  170  10:03  Siege Tank  
  170  10:04  Marine  
  176  10:09  Marine x2  
  176  10:12  Command Center, Siege Tank  
  181  10:18  Marine  
  179  10:22  Marine x3  
  182  10:29  Viking x2  
  182  10:33  Refinery, Missile Turret  
  186  10:35  Siege Tank  
  189  10:44  Siege Tank  
  191  10:51  Starport Reactor, Starport Tech Lab  
  191  10:53  Fusion Core  
  191  10:54  Armory  
  191  10:56  Marine x3  
  194  11:10  Marine x2  
  196  11:15  Marine  
  196  11:16  Marine, Raven  
  200  11:20  Terran Infantry Weapons Level 3  
  200  11:34  Planetary Fortress  
  200  11:38  Refinery, Terran Vehicle And Ship Armor Level 2  
  200  11:48  Liberator  
  184  12:03  Viking x4  
  184  12:04  Terran Ship Weapons Level 1  
  184  12:05  Advanced Ballistics  
  195  12:12  Command Center  
  195  12:13  Command Center  
  195  12:30  Command Center  
  195  12:33  Viking  
  197  12:37  Refinery x2  
  197  12:38  Viking  
  197  12:40  Terran Infantry Armor Level 3  
  197  12:41  Command Center  
  199  13:06  Sensor Tower  
  198  13:17  Viking  
  198  13:24  Viking x2  
  198  13:27  Missile Turret  
  198  13:28  Viking  
  198  13:32  Missile Turret  
  198  13:33  Missile Turret, Orbital Command x2  
  200  13:39  Command Center  
  200  13:40  Command Center  
  200  13:42  Orbital Command  
  200  13:47  Missile Turret  
  200  13:57  Neosteel Armor, Terran Vehicle And Ship Armor Level 3  
  200  13:58  Planetary Fortress  
  200  14:01  Missile Turret  
  200  14:19  Command Center  
  200  14:20  Command Center  
  199  14:29  Marine x3  
  199  14:30  Viking  
  199  14:31  Viking x4  
  191  14:35  Marine  
  191  14:36  Marine x2  
  191  14:38  Missile Turret  
  191  15:00  Viking  
  191  15:01  Viking x3  
  191  15:03  Liberator  
  197  15:09  Command Center  
  197  15:13  Liberator  
  185  15:17  Hi-Sec Auto Tracking  
  185  15:18  Liberator  
  185  15:19  Liberator x2  
  178  15:39  Marine  
  188  15:44  Orbital Command x2  
  188  15:46  Liberator  
  188  15:55  SCV x3  
  188  15:56  Liberator  
  194  16:07  SCV x3  
  167  16:58  Starport x2  
  167  16:59  Starport x2  
Show
View Real Time Build Order
Export as new Build Order

Aventador Terran 

Build Orders:  

Get SALT Encoding   

  12  0:00  SCV  
  13  0:12  SCV  
  14  0:18  Supply Depot  
  14  0:25  SCV  
  15  0:29  Refinery  
  15  0:40  SCV  
  16  0:45  Barracks  
  16  0:52  SCV  
  17  0:58  Refinery  
  17  1:04  SCV  
  18  1:16  SCV  
  19  1:32  Reaper  
  20  1:33  Orbital Command  
  20  1:37  Factory  
  20  1:45  Supply Depot  
  20  1:59  SCV  
  21  2:04  Reaper  
  22  2:12  SCV  
  23  2:23  Hellion  
  25  2:31  Command Center  
  25  2:33  SCV  
  26  2:37  Barracks Reactor  
  26  2:45  Hellion  
  26  2:48  SCV  
  29  2:51  Starport  
  29  3:00  Supply Depot  
  29  3:02  SCV  
  28  3:14  Marine x2  
  28  3:17  Factory Tech Lab  
  28  3:19  SCV  
  31  3:32  Marine x2  
  33  3:35  Medivac  
  33  3:36  Siege Tank  
  33  3:37  SCV  
  39  3:44  Orbital Command  
  39  3:49  SCV  
  39  3:51  Marine  
  39  3:53  Marine  
  40  4:03  SCV  
  40  4:09  Marine  
  36  4:11  Cyclone  
  36  4:15  SCV  
  37  4:17  Viking  
  39  4:18  SCV  
  39  4:22  Marine  
  43  4:27  Marine, SCV  
  45  4:35  SCV  
  43  4:40  SCV  
  43  4:45  Command Center  
  44  4:49  SCV  
  44  4:51  Factory Tech Lab  
  45  4:53  Refinery  
  45  4:55  Supply Depot  
  45  4:56  Raven  
  46  5:06  SCV  
  44  5:08  Marine x2  
  44  5:10  SCV  
  45  5:18  SCV  
  46  5:23  SCV  
  46  5:25  Marine, Refinery, Siege Tank  
  51  5:30  SCV  
  51  5:33  Marine  
  51  5:35  SCV  
  54  5:39  Raven  
  56  5:43  SCV  
  56  5:47  SCV  
  56  5:49  Barracks  
  58  5:51  Barracks, Supply Depot  
  58  5:55  SCV  
  59  5:57  Siege Tank, Orbital Command  
  59  5:59  SCV  
  59  6:02  Marine  
  59  6:03  Marine  
  65  6:07  SCV  
  65  6:11  SCV  
  67  6:19  SCV  
  67  6:21  Engineering Bay x2  
  67  6:24  SCV  
  69  6:29  Orbital Command  
  69  6:30  Siege Tank  
  69  6:32  SCV  
  68  6:51  Viking x2  
  68  6:55  SCV  
  68  6:56  SCV  
  68  6:58  Barracks Reactor x2  
  68  7:00  SCV  
  71  7:07  Stimpack  
  71  7:08  Terran Infantry Armor Level 1, SCV, Terran Infantry Weapons Level 1  
  72  7:11  SCV  
  72  7:12  Barracks  
  72  7:13  Siege Tank  
  72  7:14  Barracks, SCV  
  77  7:20  Marine  
  77  7:22  Supply Depot  
  78  7:24  SCV x2  
  78  7:26  SCV  
  81  7:32  Viking  
  81  7:34  Viking  
  85  7:39  Supply Depot x2  
  85  7:44  SCV  
  86  7:45  Siege Tank  
  86  7:48  Missile Turret  
  86  7:49  SCV x2  
  86  7:50  Missile Turret  
  91  7:52  Marine x2, Refinery  
  91  7:54  Refinery  
  93  8:00  Marine x2, SCV  
  93  8:01  SCV x2  
  93  8:02  Supply Depot x2  
  93  8:04  Viking  
  99  8:07  Viking  
  99  8:09  Barracks Reactor  
  99  8:12  Barracks Reactor  
  101  8:14  SCV  
  101  8:15  SCV x2  
  101  8:16  Marine  
  101  8:18  Siege Tank  
  108  8:26  SCV  
  108  8:27  SCV x2  
  108  8:30  Marine  
  108  8:33  Marine x2  
  113  8:38  Viking x2, SCV  
  118  8:41  Supply Depot  
  118  8:42  Marine  
  118  8:43  Supply Depot x2  
  120  8:50  Sensor Tower  
  120  8:51  Missile Turret x2  
  120  8:52  Marine  
  120  8:53  Missile Turret  
  120  8:56  Armory  
  120  8:57  Siege Tank  
  120  9:00  Marine x2  
  125  9:06  Marine  
  125  9:07  Combat Shield  
  125  9:08  Marine  
  125  9:09  Marine x4  
  131  9:17  Marine  
  131  9:19  Command Center  
  131  9:22  Medivac x2  
  136  9:27  Supply Depot  
  136  9:29  Marine  
  136  9:31  Marine, Supply Depot  
  137  9:32  Marine  
  137  9:33  Marine  
  137  9:36  Siege Tank  
  142  9:41  Factory  
  142  9:44  Marine  
  143  9:47  SCV  
  143  9:49  SCV  
  143  9:52  Medivac  
  144  9:53  SCV  
  144  9:57  Missile Turret  
  144  9:58  Marine x6  
  144  9:59  Marine x2  
  153  10:02  Marine  
  153  10:05  Sensor Tower  
  154  10:09  Terran Infantry Weapons Level 2, Terran Infantry Armor Level 2  
  154  10:10  Terran Vehicle Weapons Level 1  
  154  10:13  Siege Tank  
  157  10:16  Marine x6  
  157  10:19  Supply Depot  
  162  10:22  Marine  
  162  10:26  Factory Tech Lab  
  162  10:27  Viking  
  164  10:29  Supply Depot  
  164  10:30  Supply Depot  
  164  10:31  Viking  
  164  10:35  Marine x3  
  169  10:42  Marine x2  
  171  10:45  Marine  
  171  10:47  Marine  
  173  10:50  Siege Tank x2  
  173  10:51  Marine  
  173  10:52  Marine  
  173  10:55  Liberator x2  
  181  11:05  Marine  
  181  11:08  Marine x3  
  182  11:12  Marine x3  
  191  11:18  Starport  
  191  11:20  Starport  
  191  11:22  Siege Tank  
  191  11:23  Marine x2, Siege Tank  
  199  11:34  Supply Depot  
  199  11:36  Marine  
  199  11:59  Marine x2  
  199  12:00  Marine, Siege Tank  
  176  12:01  Marine, Starport Tech Lab  
  176  12:02  Marine x5, Starport Tech Lab  
  176  12:03  Viking x2  
  176  12:07  Siege Tank  
  189  12:17  Marine  
  189  12:18  Marine, Reaper  
  189  12:19  Marine x2  
  194  12:23  Corvid Reactor, Raven x2  
  194  12:28  Planetary Fortress  
  198  12:31  Refinery x2  
  198  12:39  Marine  
  198  12:41  Missile Turret, Sensor Tower  
  198  12:42  Missile Turret  
  199  12:57  Terran Ship Weapons Level 1  
  199  12:58  Armory  
  199  13:00  Terran Infantry Weapons Level 3  
  196  13:25  Raven  
  195  13:27  Marine x2  
  195  13:29  Terran Infantry Armor Level 3  
  195  13:32  Marine x2  
  195  13:33  Command Center  
  199  13:35  Command Center  
  193  13:54  Terran Vehicle And Ship Armor Level 1  
  193  13:58  Marine  
  193  14:03  Marine x2  
  193  14:05  Siege Tank  
  198  14:12  Marine  
  199  14:27  Marine x2  
  199  14:28  Marine x6  
  199  14:29  Marine  
  164  14:40  Viking x2, Raven x2  
  164  14:41  Siege Tank  
  164  14:42  Siege Tank  
  164  14:44  Marine  
  164  14:45  Marine  
  180  14:46  Marine x6  
  180  14:47  Marine  
  184  14:53  Terran Ship Weapons Level 2  
  181  15:02  Marine x2  
  181  15:04  Marine x6  
  181  15:05  Marine  
  180  15:12  Viking x2  
  166  15:20  Marine x2  
  155  15:21  Marine  
  155  15:22  Marine x2, Siege Tank x2  
  155  15:26  Marine x3  
  155  15:28  Marine  
  162  15:34  Fusion Core  
  159  15:41  Orbital Command  
  159  15:45  Marine, Viking x2, Raven x2  
  159  15:46  Marine x3  
  159  15:47  Marine  
  169  16:07  Sensor Tower  
  169  16:08  Missile Turret  
  169  16:09  Missile Turret, Siege Tank x2  
  175  16:18  Planetary Fortress  
  170  16:29  Viking  
  170  16:30  Viking  
  160  16:40  Marine x2  
  144  16:53  Marine  
  150  16:55  Marine  
  147  17:02  Refinery  
  147  17:04  Refinery  

Tags
 
Add a new tag
Caveats
  • Supply blocks, unpowered buildings, or Contaminate may cause inaccurate times.
  • Supply counts are checked every 10 seconds.